Map: Prion Terraces

Players

juhyg

  • Race: Protoss Protoss

Acidizer - Winner!

  • Race: Zerg Zerg

VOD

Have the link to the VOD?

Description

Time

  • Played on: Nov. 17, 2015, 1:41 a.m.
  • Length: 3:43
Show
View Real Time Build Order
Export as new Build Order

juhyg Protoss 

Build Orders:  

Get SALT Encoding   

  12  0:11  Pylon  
  12  0:23  Probe (Chrono Boost)  
  13  0:32  Gateway  
  13  0:34  Assimilator  
  13  0:38  Probe (Chrono Boost)  
  14  0:52  Probe (Chrono Boost)  
  15  1:03  Probe (Chrono Boost)  
  16  1:13  Probe (Chrono Boost)  
  17  1:19  Cybernetics Core  
  17  1:21  Pylon  
  17  1:24  Probe (Chrono Boost)  
  18  1:30  Assimilator  
  18  1:35  Probe (Chrono Boost)  
  19  1:58  Warp Gate (Chrono Boost)  
  19  2:04  Robotics Facility  
  19  2:06  Pylon  
  19  2:10  Gateway  
  19  2:15  Pylon  
  19  2:22  Adept  
  21  2:55  Robotics Bay  
  21  2:57  Pylon  
  21  3:00  Gateway  
Show
View Real Time Build Order
Export as new Build Order

Acidizer Zerg - Winner!

Build Orders: Pool Only 

Get SALT Encoding   

  12  0:01  Drone  
  13  0:13  Overlord  
  13  0:17  Drone  
  14  0:35  Spawning Pool  
  13  0:38  Drone  
  13  0:41  Drone  
  15  0:47  Drone, Extractor  
  15  0:56  Drone, Extractor  
  15  1:01  Drone  
  16  1:11  Drone  
  17  1:18  Evolution Chamber  
  16  1:22  Drone  
  17  1:27  Queen  
  19  1:33  Drone  
  20  1:43  Metabolic Boost  
  20  1:49  Drone  
  21  1:56  Overlord  
  22  2:22  Zergling x2  
  22  2:23  Zergling x2  
  22  2:29  Zergling x2  
  24  2:36  Zergling x2  
  25  2:38  Zergling x4  
  27  2:53  Drone x2  
  29  3:08  Overlord  
  29  3:19  Drone  
Tags
 
Add a new tag
Caveats
  • Supply blocks, unpowered buildings, or Contaminate may cause inaccurate times.
  • Supply counts are checked every 10 seconds.